 Dungeon Crawl Stone Soup version 0.20.1-1-g8b1a95d (webtiles) character file.

3188 Knicklaso the Basher (level 9, -4/85 HPs)
             Began as an Ogre Warper on July 24, 2017.
             Was a Follower of the Shining One.
             Slain by a wight
             ... wielding a +4 halberd
              (16 damage)
             ... on level 8 of the Dungeon on July 25, 2017.
             The game lasted 00:48:33 (11740 turns).

Knicklaso the Basher (Ogre Warper)                 Turns: 11740, Time: 00:48:34

Health: -4/85      AC:  3    Str: 20    XL:     9   Next: 95%
Magic:  14/15      EV: 11    Int: 14    God:    the Shining One [*.....]
Gold:   125        SH:  6    Dex: 13    Spells: 12/16 levels left

rFire    . . .     SeeInvis .   D - +2 flail (venom)
rCold    . . .     Gourm    .   (no shield)
rNeg     . . .     Faith    .   b - +0 robe
rPois    .         Spirit   .   (helmet restricted)
rElec    .         Reflect  +   (no cloak)
rCorr    .         Harm     .   (gloves unavailable)
MR       .....                  (boots unavailable)
Stlth    +.........             q - +6 amulet of reflection
Regen    0.0/turn               (no ring)
MPRegen  0.2/turn               u - +5 ring of dexterity

@: glowing, drained
A: unfitting armour, blurry vision 1, inhibited regeneration, tough skin 1
a: Renounce Religion


You were on level 8 of the Dungeon.
You worshipped the Shining One.
The Shining One was aware of your devotion.
You were very hungry.

You visited 2 branches of the dungeon, and saw 9 of its levels.

You collected 319 gold pieces.
You spent 194 gold pieces at shops.

Inventory:

Hand Weapons
 w - a +0 blowgun
 D - a +2 flail of venom (weapon)
 E - a +0 mace
 K - a +0 flail of crushing
Missiles
 e - 5 tomahawks of dispersal
 g - 196 stones (quivered)
 x - 42 poisoned needles
 M - 4 tomahawks
Armour
 b - a +0 robe (worn)
 P - a +2 robe of positive energy
Jewellery
 q - a +6 amulet of reflection (around neck)
 u - a +5 ring of dexterity (right hand)
 H - an uncursed ring of flight {unknown}
 W - a +1 ring of evasion {unknown}
Wands
 o - a wand of polymorph (2/24)
 A - a wand of random effects (5/48)
 C - a wand of polymorph (0/24)
 F - a wand of acid (5/15)
 I - a wand of random effects (26/48)
 O - a wand of polymorph (16/24)
 Q - a wand of paralysis (12/24)
Scrolls
 a - a scroll of enchant weapon {unknown}
 d - 3 scrolls of blinking
 h - 2 scrolls of remove curse
 l - 5 scrolls of teleportation
 r - 2 scrolls of random uselessness
 v - 4 scrolls of recharging {unknown}
 y - 2 scrolls of identify {unknown}
 L - a scroll of enchant armour {unknown}
 N - 2 scrolls of fog
 R - a scroll of fear
 S - 2 scrolls of magic mapping
 U - 2 scrolls of amnesia {unknown}
Potions
 i - a potion of might
 j - a potion of heal wounds
 k - 2 potions of curing
 m - 2 potions of brilliance {unknown}
 t - a potion of degeneration {unknown}
 z - 3 potions of flight
 B - 2 potions of mutation {unknown}
 G - a potion of lignification {unknown}
 J - a potion of cancellation {unknown}
 T - a potion of invisibility {unknown}
Books
 c - a book of Spatial Translocations

   Spells                             Type                      Level
   a - Blink                          Translocation                2
   b - Shroud of Golubria             Charms/Translocation         2
   c - Lesser Beckoning               Translocation                3
   d - Gell's Gravitas                Translocation                3
   e - Teleport Other                 Translocation                3
   f - Passage of Golubria            Translocation                4
Comestibles
 f - 10 bread rations
 n - 5 royal jellies
 p - 8 fruits
 s - 4 meat rations


   Skills:
 + Level 4.6(3.6) Fighting
 * Level 9.4(8.3) Maces & Flails
 - Level 6.4(5.3) Throwing
 + Level 3.7(2.8) Dodging
 + Level 4.2(3.3) Spellcasting
 + Level 3.8(2.9) Translocations
 + Level 1.4(0.5) Invocations


You had 12 spell levels left.
You knew the following spells:

 Your Spells              Type           Power        Failure   Level  Hunger
a - Shroud of Golubria    Chrm/Tloc      #.........   17%         2    ##.....
b - Blink                 Tloc           N/A          10%         2    ##.....


Dungeon Overview and Level Annotations

Branches:
Dungeon (8/15)             Temple (1/1) D:6
   Lair: D:8-11

Altars:
Ashenzari
Cheibriados
Dithmenos
Elyvilon
Fedhas
Gozag
Hepliaklqana
Kikubaaqudgha
Makhleb
Nemelex Xobeh
Okawaru
Qazlal
Ru
Sif Muna
Trog
Uskayaw
Vehumet
Xom
Zin
The Shining One

Shops:
D:6 ?   D:8 (

Annotations:
D:3 Badteeth's ghost, amateur BaIE


Innate Abilities, Weirdness & Mutations

You are too large for most types of armour.
You have tough skin. (AC +1)
Scrolls take you a little longer to read.
You do not regenerate when monsters are visible.


Message History

The jelly is severely wounded.
The jelly hits you but does no damage.
You hit the jelly. The acid corrodes you!
Your hands burn!
* * * LOW HITPOINT WARNING * * *
The jelly is almost dead.
Your shroud bends the jelly's attack away.
You sock the jelly!
You kill the jelly!
Your shroud bends the wight's attack away!
Your shroud begins to fray at the edges.
Really read with blurry vision while enemies are nearby?
Okay, then.
Casting: Shroud of Golubria
Confirm with . or Enter, or press ? or * to list all spells.
You blink.
The wight closely misses you.
Your shroud unravels.
You are no longer corroded.
There is a stone staircase leading down here.
The wight hits you from afar with an enchanted halberd!
You die...

#).###...........zZ..##
#...........######....##
#..#####z..#######.....#
#....z.................#
#..#####...#####.#.....#
#)z# ##.## #.#....##
...# #.# #.#..### ##z#
#.######.#..### #.#
##...z.z.@.....# #.#
#.....#.....#..#
##.#####...#.#.#[###..#
...........#.#.#.# #..#
#.........##.#.#.# #..#
.............#.#.# #..#
#######..........# #..#
########.#####..#
#........#


You could see 2 wights.

Vanquished Creatures
  Grinder (D:3)
  A hippogriff (D:8)
  Sigmund (D:4)
  Eustachio (D:5)
  Edmund (D:4)
  Duvessa (D:4)
  2 sky beasts (D:5)
  A necrophage (D:5)
  2 phantoms (D:6)
  A centaur (D:6)
  A crocodile (D:8)
  A big kobold (D:8)
  6 bullfrogs
  A wyvern skeleton (D:6)
  Dowan (D:4)
  2 scorpions
  The ghost of Morrissey the Ruffian, a weakling DrTm (D:4)
  5 crimson imps
  2 jellies
  3 hounds
  A gnoll shaman (D:4)
  2 orc priests (D:7)
  3 orc wizards
  2 iguanas (D:6)
  5 worker ants
  A killer bee zombie (D:8)
  2 hound skeletons
  2 worker ant zombies
  Robin (D:3)
  8 adders
  5 gnolls (D:4)
  3 shadow imps
  An ooze (D:2)
  An adder skeleton (D:4)
  2 worms (D:2)
  A dart slug (D:6)
  2 leopard geckos (D:1)
  15 orcs
  7 bats
  8 giant cockroaches
  14 goblins
  15 hobgoblins
  13 jackals
  6 kobolds
  A quokka (D:4)
  A ball python (D:4)
  3 frilled lizards
  A leopard gecko skeleton (D:4)
  A quokka simulacrum (D:6)
  A quokka skeleton (D:4)
  A quokka zombie (D:5)
  5 rats
169 creatures vanquished.

Notes
Turn   | Place    | Note
-------+----------+-------------------------------------------
     0 | D:1      | Knicklaso the Ogre Warper began the quest for the Orb.
     0 | D:1      | Reached XP level 1. HP: 22/22 MP: 3/3
   307 | D:1      | Reached XP level 2. HP: 13/29 MP: 5/5
   787 | D:1      | Learned a level 2 spell: Shroud of Golubria
   790 | D:1      | Learned a level 2 spell: Blink
   872 | D:1      | Reached skill level 2 in Maces & Flails
  1213 | D:1      | Reached XP level 3. HP: 28/37 MP: 7/7
  1970 | D:2      | Found a sparkling altar of Nemelex Xobeh.
  1972 | D:2      | Found a shadowy altar of Dithmenos.
  2032 | D:2      | Found a hazy altar of Hepliaklqana.
  2317 | D:2      | Reached XP level 4. HP: 45/45 MP: 5/8
  2584 | D:3      | Noticed Grinder
  2669 | D:3      | Paralysed by Grinder for 4 turns
  2681 | D:3      | Killed Grinder
  2681 | D:3      | Reached skill level 3 in Maces & Flails
  2681 | D:3      | Reached XP level 5. HP: 27/54 MP: 4/10
  2681 | D:3      | Reached XP level 6. HP: 31/62 MP: 4/11
  2855 | D:3      | Found a bloodstained altar of Trog.
  2927 | D:3      | Noticed Robin
  3079 | D:3      | Killed Robin
  3275 | D:3      | Noticed Badteeth's ghost (amateur BaIE)
  4548 | D:4      | Reached XP level 7. HP: 61/68 MP: 9/12
  4608 | D:4      | Noticed Sigmund
  4668 | D:5      | Entered Level 5 of the Dungeon
  4751 | D:4      | Noticed Duvessa
  4751 | D:4      | Noticed Dowan
  5087 | D:5      | Reached skill level 4 in Maces & Flails
  5179 | D:5      | Noticed Eustachio
  5683 | D:5      | Killed Eustachio
  5683 | D:5      | Reached XP level 8. HP: 77/77 MP: 10/13
  5785 | D:5      | Reached skill level 5 in Maces & Flails
  5785 | D:5      | Reached skill level 5 in Throwing
  5788 | D:5      | Gained mutation: You do not regenerate when monsters are visible. [mutagenic meat]
  5789 | D:5      | Gained mutation: Scrolls take you a little longer to read. [mutagenic meat]
  6563 | D:4      | Killed Sigmund
  6958 | D:4      | Noticed Edmund
  7525 | D:4      | Killed Edmund
  7525 | D:4      | Reached skill level 6 in Maces & Flails
  8210 | D:4      | Noticed Morrissey's ghost (weakling DrTm)
  8230 | D:4      | Killed Morrissey's ghost
  8280 | D:4      | Killed Dowan
  8312 | D:4      | Killed Duvessa
  8312 | D:4      | Reached skill level 7 in Maces & Flails
  8312 | D:4      | Reached XP level 9. HP: 28/84 MP: 10/14
  9297 | D:6      | Found a staircase to the Ecumenical Temple.
  9305 | D:6      | Found Nouhosee's Magic Scroll Shoppe.
  9313 | D:6      | Bought a scroll of teleportation for 45 gold pieces
  9313 | D:6      | Bought a scroll of random uselessness for 15 gold pieces
  9313 | D:6      | Bought a scroll of fog for 30 gold pieces
  9313 | D:6      | Bought a scroll of fear for 52 gold pieces
  9313 | D:6      | Bought a scroll of magic mapping for 52 gold pieces
  9337 | Temple   | Entered the Ecumenical Temple
  9437 | Temple   | Became a worshipper of the Shining One
  9493 | D:6      | Reached skill level 8 in Maces & Flails
  9831 | D:6      | Noticed a red ugly thing
 10219 | D:6      | Reached skill level 9 in Maces & Flails
 10546 | D:7      | Reached * piety under the Shining One
 11117 | D:8      | Found Xyloefril's Weapon Emporium.
 11325 | D:8      | Reached skill level 1 in Invocations
 11740 | D:8      | Slain by a wight

Skill      XL: |  1  2  3  4  5  6  7  8  9 |
---------------+----------------------------+-----
Maces & Flails | 2 3 4 7 9 |  9.4
Fighting       | 3 4 |  4.6
Spellcasting   | 3 4 |  4.2
Translocations | 3 |  3.8
Throwing       | 2 3 4 6 |  6.4
Dodging        | 3 |  3.7
Invocations    | 1 |  1.4

Action                   |  1- 3 |  4- 6 |  7- 9 || total
-------------------------+-------+-------+-------++-------
Melee: Mace              |   118 |   216 |   205 ||   539
       Unarmed           |       |     7 |       ||     7
       Flail             |       |       |   191 ||   191
 Fire: Blowgun           |       |     4 |    31 ||    35
Throw: Stone             |   141 |    61 |   139 ||   341
 Cast: Shroud of Golubri |     4 |    25 |    68 ||    97
       Blink             |       |     3 |    13 ||    16
Evoke: Wand              |       |       |     5 ||     5
  Use: Scroll            |       |     1 |     1 ||     2
       Potion            |       |       |     5 ||     5
  Eat: Chunk             |     5 |     9 |    26 ||    40
       Royal jelly       |       |       |     1 ||     1
Armor: Robe              |    41 |    48 |    51 ||   140
       Skin              |       |     6 |       ||     6
Dodge: Dodged            |    81 |   125 |   166 ||   372
Block: Other             |       |    63 |   114 ||   177
       Reflection        |       |       |     8 ||     8
